[Event "Team 45 45 League T51"]
[Site "Internet Chess Club"]
[Date "2011.12.21"]
[Round "6"]
[White "ryan2chess"]
[Black "zap2"]
[Result "0-1"]
[WhiteElo "1881"]
[BlackElo "1837"]
[Opening "Caro-Kann: Steinitz variation"]
[ECO "B17"]
[Time "16:00:12"]
[TimeControl "2700+45"]

1. e4 c6 2. d4 d5 3. Nc3 dxe4 4. Nxe4 Nd7 5. Nf3 Ngf6 6. Nxf6+ Nxf6 7. Bd3 Bg4
8. c3 e6 9. h3 Bh5 10. Bg5 Be7 11. O-O Qd5 12. Bxf6 Bxf3 13. Qxf3 Qxf3 14. gxf3
Bxf6 15. Be4 O-O-O 16. b4 e5 17. dxe5 Bxe5 18. Rfc1 g6 19. a4 f5 20. Bc2 Kc7 21.
Bb3 Rd3 22. Be6 Re8 23. Bf7 Re7 24. Re1 Rxf3 25. Kg2 Rxf7 26. Rxe5 Rxc3 27. Rae1
Rd7 28. Re7 Rc4 29. b5 Rxa4 30. bxc6 bxc6 31. R1e6 Rd4 32. Re8 a5 33. Ra8 Kb6
34. Re5 R4d5 35. Re6 Kb7 36. Ree8 Kb6 37. Re6 R7d6 38. Re7 h5 39. Rea7 Rb5 40.
Ra6+ Kc5 41. Rxa5 Rxa5 42. Rxa5+ Kb4 43. Ra6 Kb5 44. Ra8 c5 45. Kf3 c4 46. Rc8
Rc6 47. Rb8+ Kc5 48. Ke3 Rd6 49. Rc8+ Kb4 50. Rb8+ Kc3 51. Ke2 Kc2 52. Ke1 Re6+
53. Kf1 c3 54. Rd8 f4 55. Rf8 Kd1 56. Rxf4 Rd6 57. Rc4 c2 58. Kg2 c1=Q 59. Rxc1+
Kxc1 60. Kg3 g5 61. h4 Rd3+ 62. f3 g4 63. Kf4 Rxf3+ {White resigns} 0-1

[Event "Team 45 45 League T51"]
[Site "Internet Chess Club"]
[Date "2011.12.17"]
[Round "6"]
[White "gandre"]
[Black "eggplant1"]
[Result "1/2-1/2"]
[WhiteElo "1685"]
[BlackElo "1676"]
[Opening "Queen's pawn, Mason variation"]
[ECO "D00"]
[Time "10:01:07"]
[TimeControl "2700+45"]

1. d4 d5 2. Bf4 c6 3. c3 Nf6 4. Nf3 e6 5. e3 Bd6 6. Nbd2 Bxf4 7. exf4 Qd6 8. g3
Nbd7 9. Bd3 c5 10. Qe2 c4 11. Bc2 b5 12. b3 Rb8 13. b4 Qc7 14. a4 a6 15. axb5
axb5 16. Ne5 Nxe5 17. fxe5 Nd7 18. Qg4 g6 19. O-O Nf8 20. Ra5 Bd7 21. Qg5 Bc6
22. Qf6 Rg8 23. Nf3 Qe7 24. Qxe7+ Kxe7 25. Rfa1 Nd7 26. Ng5 h6 27. Nh3 g5 28. f3
f5 29. exf6+ Kxf6 30. f4 g4 31. Nf2 h5 32. Ra6 Bb7 33. Ra7 Rg7 34. Nd1 Bc6 35.
Ne3 Re8 36. Rc7 Nb8 37. Raa7 Rxc7 38. Rxc7 Bd7 39. Ng2 Rd8 40. Nh4 Be8 41. Kg2
Nd7 42. Ra7 Nf8 43. h3 Rb8 44. hxg4 hxg4 45. Ra5 Ng6 46. Ra6 Nxh4+ 47. gxh4 Ke7
48. Kg3 Bh5 49. Bd1 Kf6 50. Bc2 Ke7 51. f5 exf5 52. Bxf5 Rf8 53. Re6+ Kd8 54.
Re5 Kc7 55. Rxd5 Kc6 56. Rc5+ Kb6 57. Bxg4 Bxg4 58. Kxg4 Rf2 59. Rf5 Rg2+ 60.
Kh3 Rd2 61. Rf3 Kc6 62. h5 Rd1 63. Kg4 Rg1+ 64. Rg3 Rh1 65. Kg5 Kd6 66. Kg6 Re1
67. Rf3 Rg1+ 68. Kh7 Ke7 69. Rf5 Rg3 70. Rxb5 Rxc3 71. Rc5 Kf7 72. d5 Rh3 73.
Rc7+ Kf6 74. h6 c3 75. d6 Ke6 76. d7 Ke7 77. b5 Rd3 78. d8=Q+ Kxd8 79. Rc5 Rd7+
80. Kg8 Rc7 81. h7 Rxc5 82. h8=Q Kc7 83. Qh7+ Kb6 {Game drawn by mutual
agreement} 1/2-1/2

[Event "Team 45 45 League T51"]
[Site "Internet Chess Club"]
[Date "2011.12.20"]
[Round "6"]
[White "tyler66"]
[Black "ScotchYeti"]
[Result "0-1"]
[WhiteElo "1595"]
[BlackElo "1733"]
[Opening "Sicilian: Kan, 5.Nc3"]
[ECO "B43"]
[Time "16:00:18"]
[TimeControl "2700+45"]

1. e4 c5 2. Nf3 e6 3. d4 cxd4 4. Nxd4 a6 5. Nc3 Qc7 6. g3 Bb4 7. Ne2 Nc6 8. Bg2
Nf6 9. O-O O-O 10. Bg5 Be7 11. Nd4 Rb8 12. Rb1 b5 13. a3 Bb7 14. Re1 d6 15. Qd2
Rfd8 16. Nf3 Ba8 17. b4 Rbc8 18. Rb3 Nb8 19. Nd4 Nbd7 20. Qd3 Ne5 21. Qe3 Nc4
22. Qd3 Ne5 23. Qe3 Ng6 24. Nf3 h6 25. Bh4 Nxh4 26. Nxh4 Ng4 27. Qf4 Ne5 28. Re2
Bg5 29. Nd5 Bxd5 30. exd5 Bxf4 {White resigns} 0-1

[Event "Team 45 45 League T51"]
[Site "Internet Chess Club"]
[Date "2011.12.16"]
[Round "6"]
[White "Eyechess"]
[Black "SaltofLife"]
[Result "1-0"]
[WhiteElo "2016"]
[BlackElo "1958"]
[Opening "Sicilian: closed"]
[ECO "B23"]
[Time "15:08:07"]
[TimeControl "2700+45"]

1. e4 c5 2. Nc3 a6 3. g3 b5 4. Bg2 Bb7 5. d3 e6 6. Be3 Nf6 7. h3 d5 8. exd5 exd5
9. Qe2 Qe7 10. O-O-O Nbd7 11. Re1 O-O-O 12. Qf1 Qd6 13. Nf3 h6 14. d4 c4 15. Ne5
Nxe5 16. dxe5 Qxe5 17. Bb6 Qg5+ 18. f4 Qxg3 19. Bxd8 Kxd8 20. Rd1 Bd6 21. Kb1
Qxf4 22. Nxd5 Nxd5 23. Bxd5 Qxf1 24. Rhxf1 Bxd5 25. Rxd5 Ke7 26. Re1+ {Black
resigns} 1-0

[Event "Team 45 45 League T51"]
[Site "Internet Chess Club"]
[Date "2011.12.20"]
[Round "6"]
[White "ddlj81"]
[Black "puma"]
[Result "1-0"]
[WhiteElo "1831"]
[BlackElo "1629"]
[Opening "Caro-Kann: classical, Spassky variation"]
[ECO "B19"]
[Time "22:01:35"]
[TimeControl "2700+45"]

1. e4 c6 2. d4 d5 3. Nc3 dxe4 4. Nxe4 Bf5 5. Ng3 Bg6 6. h4 h6 7. Nf3 Nd7 8. h5
Bh7 9. Bd3 Bxd3 10. Qxd3 e6 11. Bd2 Ngf6 12. O-O-O Be7 13. Kb1 Qc7 14. Qe2 O-O-O
15. Ne4 Nxe4 16. Qxe4 Kb8 17. c4 Nf6 18. Qe2 Nd7 19. g3 Ka8 20. c5 Bf6 21. Rhe1
Rhe8 22. Bf4 Qc8 23. Bd6 Be7 24. Ne5 Nxe5 25. dxe5 f6 26. f4 fxe5 27. fxe5 Rd7
28. Rd3 Rf8 29. Rf1 Bxd6 30. cxd6 Rdf7 31. Rdf3 Qd7 32. Qd1 a6 33. Rxf7 Rxf7 34.
Rxf7 Qxf7 35. d7 {Black resigns} 1-0

[Event "Team 45 45 League T51"]
[Site "Internet Chess Club"]
[Date "2011.12.21"]
[Round "6"]
[White "plutonas"]
[Black "ElmerHo"]
[Result "1/2-1/2"]
[WhiteElo "1408"]
[BlackElo "1522"]
[Opening "Four knights: Belgrade gambit"]
[ECO "C47"]
[Time "16:00:11"]
[TimeControl "2700+45"]

1. e4 e5 2. Nf3 Nc6 3. Nc3 Nf6 4. d4 exd4 5. Nd5 Be7 6. Bf4 d6 7. Nxd4 O-O 8.
Nb5 Nxd5 9. exd5 Ne5 10. Be2 Ng6 11. Bg3 f5 12. f4 Bf6 13. c3 Re8 14. O-O a6 15.
Nd4 Bxd4+ 16. cxd4 Bd7 17. Bh5 Qf6 18. Rc1 Rac8 19. Bxg6 hxg6 20. Bf2 Qf7 21.
Qb3 b6 22. a4 a5 23. Rfe1 Rxe1+ 24. Rxe1 Re8 25. Rc1 Bc8 26. Qc3 Re7 27. Bh4 Rd7
28. Qc6 Qe8 29. h3 Qe3+ 30. Bf2 Qxf4 31. Re1 Kf7 32. Qa8 Rd8 33. Qc6 Rd7 34. Qa8
Rd8 35. Qc6 {Game drawn by mutual agreement} 1/2-1/2

[Event "Team 45 45 League T51"]
[Site "Internet Chess Club"]
[Date "2011.12.19"]
[Round "6"]
[White "parrot9"]
[Black "whiskeytown"]
[Result "1-0"]
[WhiteElo "1506"]
[BlackElo "1456"]
[Opening "Pirc defense"]
[ECO "B07"]
[Time "15:00:31"]
[TimeControl "2700+45"]

1. e4 d6 2. d4 Nf6 3. Nc3 g6 4. f3 Bg7 5. Be3 Nc6 6. Qd2 O-O 7. O-O-O a6 8. g4
Bxg4 9. fxg4 Nxg4 10. Nf3 e5 11. Bg5 f6 12. Bc4+ Kh8 13. Be3 exd4 14. Nxd4 Nce5
15. Bb3 Qd7 16. Ne6 Rfe8 17. Nxg7 Kxg7 18. Bd4 b5 19. h3 Nf3 20. Qf4 Nxd4 21.
hxg4 b4 22. Rxh7+ Kxh7 23. Rh1+ Kg7 24. Qh6# {Black checkmated} 1-0

[Event "Team 45 45 League T51"]
[Site "Internet Chess Club"]
[Date "2011.12.23"]
[Round "6"]
[White "Deckfuel"]
[Black "Magagna"]
[Result "1-0"]
[WhiteElo "2022"]
[BlackElo "1900"]
[Opening "French: Rubinstein variation"]
[ECO "C10"]
[Time "14:09:38"]
[TimeControl "2700+45"]

1. e4 e6 2. d4 d5 3. Nc3 dxe4 4. Nxe4 Nd7 5. g3 Ngf6 6. Bg2 Be7 7. Ne2 O-O 8.
O-O Nxe4 9. Bxe4 Nf6 10. Bg2 Rb8 11. c4 c5 12. Bf4 Bd6 13. dxc5 Bxf4 14. Nxf4
Qc7 15. Qd6 Qxd6 16. cxd6 Nd7 17. b4 b6 18. Rac1 Bb7 19. Bxb7 Rxb7 20. c5 Ne5
21. c6 Rbb8 22. d7 Ra8 23. Rfd1 {Black resigns} 1-0

[Event "Team 45 45 League T51"]
[Site "Internet Chess Club"]
[Date "2011.12.15"]
[Round "6"]
[White "Killian"]
[Black "Goli"]
[Result "1-0"]
[WhiteElo "2022"]
[BlackElo "1858"]
[Opening "Robatsch (modern) defense"]
[ECO "B06"]
[Time "15:00:55"]
[TimeControl "2700+45"]

1. e4 g6 2. d4 Bg7 3. Nc3 d6 4. Be2 Nf6 5. Be3 O-O 6. Qd2 Nc6 7. O-O-O e5 8. d5
Ne7 9. Bh6 a6 10. h4 b5 11. f3 Bd7 12. h5 Nxh5 13. Rxh5 gxh5 14. Bxg7 Kxg7 15.
f4 Bg4 16. fxe5 dxe5 17. Bxg4 hxg4 18. Qg5+ Ng6 19. Qxg4 Qh4 20. Qe2 Nf4 21. Qf3
Qg5 22. Rd2 Kh8 23. g3 Ng6 24. Nh3 Qh6 25. Nf2 Ne7 26. Ng4 Qg5 27. a3 f5 28.
Nxe5 fxe4 29. Qxe4 Rf2 30. Ng6+ Nxg6 31. Qd4+ Rf6 32. Ne4 Qe5 33. Nxf6 Rf8 34.
Qxe5 Nxe5 35. Re2 Nc4 36. Re8 Kg7 37. Rxf8 Kxf8 38. Nxh7+ Kg7 39. Ng5 Nd6 40.
Ne6+ Kf6 41. Nxc7 a5 42. b3 Kg5 43. Kd2 b4 44. axb4 axb4 45. Kd3 Kf6 46. Na6 Nf5
47. Nxb4 Nxg3 48. c4 Nf5 49. Nc6 Kf7 50. Nd4 Ne7 51. d6 Ng6 52. c5 Ke8 53. Kc4
Kd7 54. b4 Ne5+ 55. Kd5 Nd3 56. c6+ Kc8 57. b5 Nb4+ 58. Kc5 Nd3+ 59. Kb6 Ne5 60.
Ne6 Nc4+ 61. Kc5 Ne5 62. b6 Nd3+ 63. Kb5 Ne5 64. d7+ Nxd7 65. b7+ Kb8 66. cxd7
Kxb7 67. d8=Q {Black resigns} 1-0

[Event "Team 45 45 League T51"]
[Site "Internet Chess Club"]
[Date "2011.12.16"]
[Round "6"]
[White "justice02"]
[Black "SimplyClaudia"]
[Result "1/2-1/2"]
[WhiteElo "1771"]
[BlackElo "1755"]
[Opening "English opening"]
[ECO "A05"]
[Time "21:30:17"]
[TimeControl "2700+45"]

1. Nf3 Nf6 2. c4 e6 3. g3 b6 4. Bg2 Bb7 5. O-O Be7 6. d3 d5 7. b3 O-O 8. Bb2
Nbd7 9. Nbd2 c5 10. Ne5 Qc7 11. f4 Bd6 12. Ndf3 d4 13. Nxd7 Nxd7 14. e4 e5 15.
fxe5 Nxe5 16. Nxe5 Bxe5 17. Qh5 Bc8 18. Rf2 Be6 19. Raf1 f6 20. Bc1 Bf7 21. Qg4
h5 22. Qe2 g5 23. Rxf6 Bxf6 24. Rxf6 Kg7 25. Bxg5 Bg6 26. e5 Rae8 27. Rxg6+ Kxg6
28. Be4+ Kxg5 29. h4+ Kh6 30. Qd2+ Kg7 31. Qg5+ Kf7 32. Bd5+ Re6 33. Qf6+ Ke8
34. Qxe6+ Kd8 35. Qh6 Re8 36. Qxh5 Rxe5 37. Qf3 Qe7 38. Be4 Re6 39. Qf5 Rf6 40.
Qd5+ Ke8 41. h5 Rh6 42. g4 Kf8 43. Qa8+ Kg7 44. Qb7 Qxb7 45. Bxb7 Kf6 46. Kg2
Kg5 47. Kg3 Rf6 48. Bf3 a6 49. a4 a5 50. Bg2 Re6 51. Be4 Re7 52. Kf3 Rf7+ 53.
Bf5 Re7 54. Be4 Re6 55. Kg3 Rf6 56. Bf3 Rf7 57. Bg2 Re7 58. Be4 Re6 59. Kf3 Rf6+
60. Bf5 Rf7 61. Ke4 Rf8 62. Kd5 Rf6 63. Ke5 Rh6 64. Kd5 Rf6 65. Be6 Kf4 66. Kd6
Ke3 67. Ke5 Rh6 68. Bf5 Kf3 69. g5 Rxh5 70. g6 Rg5 71. Kf6 Kf4 72. Be4 Rg1 73.
g7 Ke3 74. Kf7 Rf1+ 75. Kg6 Kd2 76. g8=Q Rg1+ 77. Kf7 Rxg8 78. Kxg8 Kc3 79. Kf7
Kxb3 80. Bc6 Kc3 81. Be4 Kb4 82. Bc6 Kc3 83. Be4 Kb4 84. Ke6 Kxa4 85. Kd6 Kb4
86. Bc6 a4 87. Bxa4 Kxa4 88. Kc6 Ka5 89. Kd5 Kb4 90. Kc6 Kc3 91. Kxb6 Kxd3 92.
Kxc5 Kc3 93. Kb6 d3 94. c5 d2 95. c6 d1=Q 96. c7 Qb3+ 97. Ka7 Qa4+ 98. Kb7 Qb5+
99. Ka8 Qa6+ 100. Kb8 Qb6+ 101. Ka8 Qc6+ 102. Kb8 Qb5+ 103. Ka8 Qd5+ 104. Ka7
Qd7 105. Kb8 Qb5+ 106. Ka7 Qe8 107. Kb7 Qd7 108. Kb8 Qd6 109. Ka8 Qd7 110. Kb8
{Game drawn by repetition} 1/2-1/2

[Event "Team 45 45 League T51"]
[Site "Internet Chess Club"]
[Date "2011.12.19"]
[Round "6"]
[White "ILRE"]
[Black "randallsr"]
[Result "1-0"]
[WhiteElo "1704"]
[BlackElo "1667"]
[Opening "Queen's pawn: Keres defense"]
[ECO "A13"]
[Time "13:24:22"]
[TimeControl "2700+45"]

1. c4 e6 2. d4 b6 3. Nf3 Bb7 4. a3 Nf6 5. Nc3 Be7 6. h3 h6 7. Bf4 d6 8. e3 Nbd7
9. Bd3 a6 10. O-O c5 11. Re1 d5 12. cxd5 Nxd5 13. Nxd5 Bxd5 14. e4 Bb7 15. d5
exd5 16. exd5 Bxd5 17. Bxa6 Be6 18. Bb5 Ra7 19. Ne5 Qc7 20. Nc6 Qxf4 21. Nxa7
Qc7 22. Nc6 Bd6 23. Qh5 O-O 24. Rad1 Nf6 25. Qf3 Bd7 26. a4 Re8 27. Rxe8+ Bxe8
28. Re1 Kf8 29. Rd1 Bd7 30. Rc1 Nh7 31. Nd4 Ng5 32. Qa8+ Ke7 33. Re1+ Kf6 34.
Nf3 Bxb5 35. axb5 Ne6 36. Qe4 g6 37. Qd5 Kg7 38. Ne5 Nf4 39. Qe4 Bxe5 40. Qxe5+
Qxe5 41. Rxe5 Ne6 42. Kf1 Kf6 43. Rd5 Ke7 44. Rd1 Nd4 45. Ra1 Nxb5 46. Ra6 c4
47. Rxb6 Nd6 48. Rb8 h5 49. Ke2 Ke6 50. Rb6 Ke5 51. Ra6 h4 52. Kf3 f5 53. Ra5+
Kd4 54. Kf4 Ne4 55. f3 {Black forfeits on time} 1-0